 Dungeon Crawl Stone Soup version 0.30.1-3-gfc49f6343a (webtiles) character file.

Game seed: 1459126642421161607

272 spardeous the Conjurer (level 5, -4/38 HPs)
             Began as a Demigod Conjurer on Aug 1, 2023.
             Slain by a scorpion (6 damage)
             ... on level 5 of the Dungeon.
             The game lasted 00:02:55 (3033 turns).

spardeous the Conjurer (Demigod Conjurer)           Turns: 3033, Time: 00:02:56

Health: -4/38      AC:  3    Str: 10 (12) XL:     5   Next: 71%
Magic:  10/14      EV: 11    Int: 25 (27) God:
Gold:   154        SH:  0    Dex: 16 (18) Spells: 4/11 levels left

rFire   + . .        q - +6 sling "Kucot" {flame, rCorr}
rCold   + . .        (no shield)
rNeg    . . .        k - +0 leather armour
rPois   +            (no helmet)
rElec   +            (no cloak)
rCorr   +            (no gloves)
SInv    .            (no boots)
Will    .....        n - amulet of magic regeneration
Stlth   ++           g - +6 ring of dexterity
HPRegen 0.26/turn    w - ring "Fiagatoa" {Str+4 Int+3 Slay+4}
MPRegen 0.54/turn

%: no passive effects
@: brilliant, resistant
A: high MP 1, forlorn, divine attributes
a: no special abilities


You were on level 5 of the Dungeon.
You visited 1 branch of the dungeon, and saw 5 of its levels.

You collected 154 gold pieces.

Inventory:

Hand Weapons
 q - the +6 sling "Kucot" (weapon) {flame, rCorr}
   (You found it on level 3 of the Dungeon)

   rCorr:     It protects you from acid and corrosion.
Missiles
 h - a throwing net
Armour
 a - a +0 robe
 k - a +0 leather armour (worn)
Jewellery
 g - a +6 ring of dexterity (left hand)
 n - an amulet of magic regeneration (around neck)
 u - a ring of positive energy
 w - the ring "Fiagatoa" (right hand) {Str+4 Int+3 Slay+4}
   (You found it on level 4 of the Dungeon)

   [ring of slaying]

   Str:       It affects your strength (+4).
   Int:       It affects your intelligence (+3).
   Slay:      It affects your accuracy & damage with ranged weapons and melee
   (+4).
Wands
 p - a wand of iceblast (10)
Scrolls
 c - 3 scrolls of poison {unknown}
 e - a scroll of torment {unknown}
 f - a scroll of acquirement {unknown}
 j - a scroll of magic mapping
 l - a scroll of vulnerability {unknown}
 m - 4 scrolls of identify {unknown}
 r - 2 scrolls of enchant armour {unknown}
 t - a scroll of amnesia {unknown}
 x - a scroll of fog {unknown}
 y - a scroll of fear {unknown}
 z - a scroll of blinking {unknown}
Potions
 b - 2 potions of magic
 i - a potion of resistance
 v - a potion of curing {unknown}


   Skills:
 - Level 1.7 Dodging
 - Level 1.7 Stealth
 + Level 3.9 Spellcasting
 + Level 5.3 Conjurations


You had 4 spell levels left.
You knew the following spells:

 Your Spells              Type           Power      Damage    Failure   Level
a - Magic Dart            Conj           100%       1d8       1%          1
b - Searing Ray           Conj           94%        2d7       1%          2
c - Iskenderun's Mystic   Conj/Tloc      27%        2d7       38%         4

Your spell library contained the following spells:

 Spells                   Type           Power      Damage    Failure   Level
 Dazzling Flash           Conj/Hex       54%        N/A       12%         3
 Necrotise                Necr           28%        1d5       13%         1
 Ensorcelled Hibernation  Hex/Ice        14%        N/A       19%         2
 Sublimation of Blood     Necr           7%         N/A       19%         2
 Spider Form              Tmut/Pois      7%         N/A       36%         3
 Fulminant Prism          Conj/Hex       13%        3d9       38%         4
 Anguish                  Hex/Necr       3%         N/A       77%         4
 Plasma Beam              Fire/Air       3%         2x1d15    100%        6
 Haunt                    Necr/Summ      3%         N/A       100%        7


Dungeon Overview and Level Annotations

Branches:
Dungeon (5/15)             Temple (0/1) D:5


Innate Abilities, Weirdness & Mutations

You have an increased reservoir of magic. (+10% MP)
You shall have no god before yourself.
Your divine heritage dramatically boosts your attributes as you level up.


Message History

Confirm with . or Enter, or press ? or * to list all spells.
The spell is extremely dangerous to miscast (38% risk of failure)!
Continue anyway?
Okay, then.
Casting: Iskenderun's Mystic Blast (extremely dangerous; 38% risk of failure)
Confirm with . or Enter, or press ? or * to list all spells.
The spell is extremely dangerous to miscast (38% risk of failure)!
Continue anyway?
Okay, then.
Casting: Iskenderun's Mystic Blast (extremely dangerous; 38% risk of failure)
Confirm with . or Enter, or press ? or * to list all spells.
Restarting spell: Searing Ray (safe; 2% risk of failure)
Press: ? - help, Shift-Dir - straight line, f/p - scorpion
Aim: a scorpion (moderately wounded, 79% to hit)
The searing ray hits the scorpion but does no damage.
The scorpion is moderately wounded.
The searing ray misses the orc warrior.
The searing ray misses the centaur. (Press . to maintain the ray.)
The sentinel's mark upon you fades away.
You feel sick. The scorpion barely misses you.
You take 1 damage, and have 10/38 hp.
You now have 9/13 mp.
The searing ray misses the scorpion.
The searing ray hits the orc warrior.
The orc warrior is moderately wounded.
The searing ray hits the centaur!
The centaur is moderately wounded.
The searing ray hits something!
Reactivating autopickup.
You feel a bit more experienced.
You feel sick. The scorpion closely misses you.
You take 1 damage, and have 9/38 hp.
As you read the scroll labelled SAAL SYNEICSI, it crumbles to dust.
You feel aware of your surroundings.
You sensed 1 altar.
It was a scroll of magic mapping.
You feel sick.
You are no longer poisoned.
The scorpion stings you!
* * * LOW HITPOINT WARNING * * *
The scorpion closely misses you.
You take 8 damage, and have 1/38 hp.
MASSIVE DAMAGE!!
It was a potion of brilliance.
You feel clever all of a sudden. The scorpion barely misses you.
The scorpion stings you.
You die...

.##.............#†...#
.....#..........##.).#
...#.#.....)....##...#
##.............r.....#
,..#...........o)#...#
,,,***,,......olc#...#
,,,,,,,,,......so#...#
*,,****,,<....##s#...#
,,,,*,,,,.<##.,#@#####
*,,,,,,,,.,*#,,#s#
,,,,,,***,,,,,,..#
*,,,*,,,,,,,,,...#*
**********,,,.....**
*,,......,*
**#######**


You could see an orc warrior, a centaur, 3 scorpions, an iguana, an orc priest,
an orc and a quokka.

Vanquished Creatures
  An ogre (D:5)
  2 hounds (D:5)
  An orc priest (D:4)
  An orc wizard (D:5)
  3 adders
  A worm (D:4)
  4 orcs
  2 endoplasms
  3 giant cockroaches
  3 goblins
  4 hobgoblins
  A quokka (D:2)
  2 ball pythons
  5 bats
  2 frilled lizards
  7 kobolds
  7 rats
49 creatures vanquished.

Notes
Turn   | Place    | Note
-------+----------+-------------------------------------------
     0 | D:1      | spardeous the Demigod Conjurer began the quest for the Orb.
     0 | D:1      | Reached XP level 1. HP: 14/14 MP: 5/5
   725 | D:2      | Reached XP level 2. HP: 20/20 MP: 3/7
   880 | D:2      | Reached skill level 4 in Conjurations
   966 | D:2      | Reached XP level 3. HP: 21/26 MP: 1/9
  1046 | D:2      | Got the Elucidation of Lofty Despair
  1698 | D:3      | Found a large runed translucent door.
  1699 | D:3      | Found a large runed translucent door.
  1769 | D:3      | Identified the +6 sling "Kucot" {flame, rCorr}
  1773 | D:3      | Learned a level 2 spell: Searing Ray
  2480 | D:4      | Identified the ring "Fiagatoa" {Str+4 Int+3 Slay+4}
  2503 | D:4      | Reached XP level 4. HP: 33/33 MP: 7/11
  2635 | D:4      | Learned a level 4 spell: Iskenderun's Mystic Blast
  2903 | D:5      | Entered Level 5 of the Dungeon
  2915 | D:5      | Noticed an ogre
  2925 | D:5      | Killed an ogre
  2926 | D:5      | Reached skill level 5 in Conjurations
  2926 | D:5      | Reached XP level 5. HP: 20/38 MP: 7/13
  3014 | D:5      | Noticed a centaur
  3017 | D:5      | Noticed an orc warrior
  3032 | D:5      | HP: 1/38 [scorpion (7)]
  3033 | D:5      | Slain by a scorpion

Illustrated notes

Levels and vault maps discovered:
D:1:      spicycebolla_green_bress_n_ham, layout_rooms,
          hellmonk_ecumenical_altar_blasted
D:2:      layout_loops_ring
D:3:      due_chaos_kobolds, layout_loops_ring, dreamdust_princess_bridge,
          kennysheep_generic_room_14
D:4:      layout_rooms, nicolae_overflow_hallway_of_the_gods,
          mrwooster_statue_mirror
D:5:      layout_rooms, mainiacjoe_overflow_paths,
          minmay_temple_entry_proselytizer, minmay_misc_feat_nine_boxes,
          st_stairs_5, uniq_crazy_yiuf_cottage

Skill      XL: |  1  2  3  4 |
---------------+-------------+-----
Spellcasting   | 2 3 |  3.9
Conjurations   | 4 5 |  5.3
Dodging        | |  1.7
Stealth        | |  1.7

Action                     |  1- 3 |  4- 6 || total
---------------------------+-------+-------++-------
   Cast: Magic Dart        |    86 |    11 ||    97
         Searing Ray       |     2 |     6 ||     8
    Use: Potion            |       |     4 ||     4
         Scroll            |       |     1 ||     1
 Armour: Leather armour    |     2 |     2 ||     4
  Dodge: Dodged            |     9 |    18 ||    27
